 Dungeon Crawl Stone Soup version 0.28.0-1-gb440e238dd (webtiles) character file.

Game seed: 10037394511184976139

9 Morbidden the Skirmisher (level 2, 17/24 HPs)
             Began as a Demonspawn Fighter on Feb 22, 2022.
             Quit the game on level 1 of the Dungeon.
             The game lasted 00:00:11 (109 turns).

Morbidden the Skirmisher (Demonspawn Fighter)        Turns: 109, Time: 00:00:11

Health: 17/24      AC:  6    Str: 16    XL:     2   Next: 3%
Magic:  2/2        EV:  8    Int:  9    God:
Gold:   5          SH:  4    Dex: 12    Spells: 1/1 levels left

rFire   . . .      SeeInvis .   a - +0 war axe
rCold   . . .      Faith    .   c - +0 buckler
rNeg    . . .      Spirit   .   b - +0 scale mail
rPois   .          Reflect  .   (no helmet)
rElec   .          Harm     .   (no cloak)
rCorr   .          Rampage  .   (no gloves)
Will    .....                   (no boots)
Stlth   ..........              (no amulet)
HPRegen 0.08/turn               (no ring)
MPRegen 0.08/turn               (no ring)

@: no status effects
A: claws 1
a: no special abilities


You were on level 1 of the Dungeon.
You visited 1 branch of the dungeon, and saw 1 of its levels.

You collected 5 gold pieces.

Inventory:

Hand Weapons
 a - a +0 war axe (weapon)
Armour
 b - a +0 scale mail (worn)
 c - a +0 buckler (worn)
Potions
 d - a potion of might
 e - a potion of flight {unknown}


   Skills:
 + Level 3.2 Fighting
 + Level 2.1 Axes
 + Level 2.7 Armour
 + Level 2.7 Shields


You had one spell level left.
You didn't know any spells.
Your spell library was empty.

Dungeon Overview and Level Annotations

Branches:
Dungeon (1/15)

Altars:


Innate Abilities, Weirdness & Mutations

You have sharp fingernails.


Message History

You closely miss the goblin. You block the goblin's attack.
There are monsters nearby!
You barely miss the goblin. The goblin hits you but does no damage.
You block the goblin's attack.
There are monsters nearby!
You hit the goblin.
You kill the goblin!
The rat bites you.
Your Axes skill increases to level 2!
A rat is nearby!
You closely miss the rat. The rat closely misses you.
You slash the rat!
You kill the rat!
No target in view!
Unknown command.
No target in view!
No target in view!
A kobold comes into view. It is wielding a +0 short sword.
You closely miss the kobold.
The kobold hits you with a +0 short sword.
A giant cockroach comes into view.
There are monsters nearby!
You closely miss the kobold.
The kobold hits you with a +0 short sword.
You block the kobold's attack.
There are monsters nearby!
You barely miss the kobold. You block the kobold's attack.
There are monsters nearby!
You slash the kobold!
You kill the kobold!
An endoplasm comes into view.
You have reached level 2!
Your demonic ancestry asserts itself...
Your fingernails lengthen.
Found a scroll labelled TESESS VUOSEU.
The giant cockroach bites you but does no damage.
Things that are here:
a +0 club; a goblin corpse; a bat corpse Unknown command.
Are you sure you want to abandon this character and quit the game? (Confirm with "yes".)

##.#.##.......
#.###..P.P..P.
##.#.#....♣.♣P
###.#...P♣P♣P.
#####.......♣P_...
######...........♣♣.♣♣.
#J...)...........P♣.PPP
.#...#.###......†......
## #@# #...^.#.......
#B# ###.#####.#... #.#
#......#.... #.#
###.###.#### #.# #.#
#.#### #.# #.###.#...
#.# #.......## ..?
............
###.####..##


You could see a giant cockroach.

Vanquished Creatures
  A ball python (D:1)
  A giant cockroach (D:1)
  A goblin (D:1)
  2 kobolds (D:1)
  A bat (D:1)
  2 rats (D:1)
8 creatures vanquished.

Vanquished Creatures (others)
  A plant (D:1)
1 creature vanquished.

Grand Total: 9 creatures vanquished

Notes
Turn   | Place    | Note
-------+----------+-------------------------------------------
     0 | D:1      | Morbidden the Demonspawn Fighter began the quest for the
                  | Orb.
     0 | D:1      | Reached XP level 1. HP: 18/18 MP: 1/1
    17 | D:1      | Found a faded altar of an unknown god.
   108 | D:1      | Gained mutation: You have sharp fingernails. [demonic
                  | ancestry]
   108 | D:1      | Reached XP level 2. HP: 17/24 MP: 2/2
   109 | D:1      | Quit the game

Illustrated notes

Levels and vault maps discovered:
D:1:      minmay_arrival_up_and_down, layout_loops_ring,
          dreamdust_ecumenical_altar_grove, minmay_pentomino_z4

Skill      XL: |  1 |
---------------+----+-----
Axes           | 2 |  2.1
Fighting       | |  3.2
Armour         | |  2.7
Shields        | |  2.7

Action                   || total
-------------------------++-------
Melee: War axe           ||    22
Armor: Scale mail        ||    16
Dodge: Dodged            ||     9
Block: Buckler           ||    11
